 Dungeon Crawl Stone Soup version 0.29.1-2-gbd0b4ee654 (webtiles) character file.

Game seed: 1668754706756848125

18 GigaChad the Trooper (level 2, -2/27 HPs)
             Began as a Minotaur Fighter on Nov 19, 2022.
             Was a High Priest of Ignis.
             Succumbed to a goblin's poison
             ... on level 1 of the Dungeon.
             The game lasted 00:01:07 (338 turns).

GigaChad the Trooper (Minotaur Fighter)              Turns: 338, Time: 00:01:07

Health: -2/27      AC:  7    Str: 20    XL:     2   Next: 51%
Magic:  1/1        EV:  9    Int:  5    God:    Ignis [*****.]
Gold:   23         SH:  4    Dex:  9    Spells: 1/1 levels left

rFire   + . .      SeeInvis .   a - +0 war axe
rCold   . . .      Faith    .   c - +0 buckler
rNeg    . . .      Spirit   .   b - +0 scale mail
rPois   .          Reflect  .   (helmet restricted)
rElec   .          Harm     .   (no cloak)
rCorr   .          Rampage  .   (no gloves)
Will    .....                   (no boots)
Stlth   ..........              (no amulet)
HPRegen 0.09/turn               (no ring)
MPRegen 0.07/turn               (no ring)

@: lethally poisoned (-2 -> -18)
A: horns 2, retaliatory headbutt
a: Renounce Religion, Fiery Armour, Foxfire Swarm, Rising Flame


You were on level 1 of the Dungeon.
You worshipped Ignis.
Ignis was extremely pleased with you.
You visited 1 branch of the dungeon, and saw 1 of its levels.

You collected 23 gold pieces.

Inventory:

Hand Weapons
 a - a +0 war axe (weapon)
Armour
 b - a +0 scale mail (worn)
 c - a +0 buckler (worn)
 g - a +0 chain mail
Scrolls
 e - a scroll of immolation {unknown}
Potions
 d - a potion of might
 f - a potion of heal wounds {unknown}


   Skills:
 + Level 4.0 Fighting
 * Level 2.9 Axes
 + Level 3.9 Armour
 + Level 3.8 Shields


You had one spell level left.
You didn't know any spells.
Your spell library was empty.

Dungeon Overview and Level Annotations

Branches:
Dungeon (1/15)

Altars:
Ignis


Innate Abilities, Weirdness & Mutations

You have a pair of horns on your head.
You reflexively headbutt those who attack you in melee.


Message History

As you open the door, it creaks loudly!
You hear a shout! x2
A goblin comes into view. It is wielding a +0 dagger.
A goblin is nearby!
A goblin is nearby!
There is an open door here.
A goblin comes into view. It is wielding a +0 club.
The goblin hits you but does no damage.
You slash the goblin!
You kill the goblin!
Your Fighting skill increases to level 4!
You slash the goblin!
You kill the goblin!
A goblin comes into view. It is wielding a +2 dagger of venom.
The goblin shouts!
Things that are here:
a +0 club; a +0 dagger; a goblin corpse
Found a stone staircase leading down.
An endoplasm comes into view.
The goblin hits you but does no damage.
You are poisoned.
You closely miss the goblin.
You feel very sick.
A bat comes into view.
The goblin hits you but does no damage.
You barely miss the goblin.
You feel sick.
The goblin hits you with a +2 dagger of venom.
You are more poisoned.
The goblin hits you with a +2 dagger of venom.
You are more poisoned.
You miss the goblin.
* * * LOW HITPOINT WARNING * * *
You feel extremely sick. The bat hits you but does no damage.
The goblin barely misses you.
You slash the goblin!
You kill the goblin!
* * * LOW HITPOINT WARNING * * *
You feel very sick. The bat barely misses you.
The bat hits you but does no damage.
You barely miss the endoplasm. You hit the bat but do no damage.
You die...

# ..
#....#........#.###########
# # .....#........#.# .
......#........#.# #
#........#.# # .
##########.# #
..##########'## #
..............#
..............#
#....J@..)...# #..
.......b......# ...
..............# ...
..............# ###
..............#
..............#
..#..########## .>+..


You could see an endoplasm and a bat.

Vanquished Creatures
  2 dart slugs (D:1)
  A giant cockroach (D:1)
  4 goblins (D:1)
  2 hobgoblins (D:1)
  A quokka (D:1)
  2 ball pythons (D:1)
  A kobold (D:1)
13 creatures vanquished.

Notes
Turn   | Place    | Note
-------+----------+-------------------------------------------
     0 | D:1      | GigaChad the Minotaur Fighter began the quest for the Orb.
     0 | D:1      | Reached XP level 1. HP: 19/19 MP: 0/0
    25 | D:1      | Found a faded altar of an unknown god.
    54 | D:1      | Prayed at the altar of an unknown god.
    54 | D:1      | Became a worshipper of Ignis, the Dying Flame
   144 | D:1      | Reached XP level 2. HP: 25/27 MP: 1/1
   329 | D:1      | Reached skill level 4 in Fighting
   338 | D:1      | Succumbed to a goblin's poison

Illustrated notes

Levels and vault maps discovered:
D:1:      psy_arrival_dodecagon, layout_basic, basic_ecumenical_altar

Skill      XL: |  1  2 |
---------------+-------+-----
Fighting       | 4 |  4.0
Axes           | |  2.9
Armour         | |  3.9
Shields        | |  3.8

Action                   || total
-------------------------++-------
Melee: War axe           ||    28
       Headbutt          ||     1
Armor: Scale mail        ||    15
Dodge: Dodged            ||    14
Block: Buckler           ||     5
